 Dungeon Crawl Stone Soup version 0.23.2-1-ga50397a6bc (webtiles) character file.

Game seed: 13216068665671427346

13 Norn the Magician (level 2, -1/18 HPs)
             Began as an Octopode Wizard on May 4, 2019.
             Slain by a rat (3 damage)
             ... on level 1 of the Dungeon.
             The game lasted 00:01:23 (361 turns).

Norn the Magician (Octopode Wizard)                  Turns: 361, Time: 00:01:23

Health: -1/18      AC:  1    Str:  6    XL:     2   Next: 37%
Magic:  1/6        EV: 13    Int: 20    God:
Gold:   12         SH:  0    Dex: 10    Spells: 6/7 levels left

rFire    . . .     SeeInvis .   c - +0 short sword
rCold    . . .     Gourm    .   (no shield)
rNeg     . . .     Faith    .   a - +0 hat
rPois    .         Spirit   .   (no amulet)
rElec    .         Reflect  .   (no ring)
rCorr    .         Harm     .   (no ring)
MR       .....                  (no ring)
Stlth    +++.......             (no ring)
HPRegen  0.06/turn              (no ring)
MPRegen  0.10/turn              (no ring)
                                (no ring)
                                (no ring)

@: no status effects
A: almost no armour, stealthy swim, amphibious, 8 rings, constrict 8, camouflage
1, gelatinous body 1
a: no special abilities


You were on level 1 of the Dungeon.
You were not hungry.

You visited 1 branch of the dungeon, and saw 1 of its levels.

You collected 12 gold pieces.

Inventory:

Hand Weapons
 c - a +0 short sword (weapon)
   (You took it off a kobold on level 1 of the Dungeon)
Armour
 a - a +0 hat (worn)
Potions
 b - a potion of cancellation {unknown}
Comestibles
 e - a ration {!d}


   Skills:
 + Level 0.7 Fighting
 + Level 2.2 Dodging
 - Level 2.6 Stealth
 - Level 3.0 Spellcasting
 * Level 1.7 Conjurations
   Level 1.0 Summonings
   Level 1.0 Translocations


You had 6 spell levels left.
You knew the following spells:

 Your Spells              Type           Power        Failure   Level  Hunger
a - Magic Dart            Conj           ##..         7%          1    None

Your spell library contained the following spells:

 Spells                   Type           Power        Failure   Level  Hunger
 Blink                    Tloc           N/A          14%         2    ##.....
 Call Imp                 Summ           #.......     14%         2    ##.....
 Slow                     Hex            #.......     22%         2    ##.....
 Conjure Flame            Conj/Fire      #.......     30%         3    ###....
 Mephitic Cloud           Conj/Pois/Air  #.......     32%         3    ###....


Dungeon Overview and Level Annotations

Branches:
Dungeon (1/15)

Altars:


Innate Abilities, Weirdness & Mutations

You cannot wear most types of armour.
You are very stealthy in the water. (Stealth+)
You are amphibious.
You can wear up to eight rings at the same time.
You can use your tentacles to constrict eight enemies at once.
Your skin changes colour to match your surroundings (Stealth+).
Your rubbery body absorbs attacks. (AC +1, EV +1)


Message History

You barely miss the jackal. Your grab misses the jackal. The jackal bites you.
* * * LOW HITPOINT WARNING * * *
The jackal barely misses you.
The rat twitches its whiskers.
The jackal closely misses you.
Things that are here:
a +0 club; a hobgoblin skeleton The jackal bites you.
* * * LOW HITPOINT WARNING * * *
Your magical contamination has completely faded away.
Things that are here:
a +0 short sword; a kobold skeleton
c - a +0 short sword The jackal closely misses you.
The jackal bites you.
* * * LOW HITPOINT WARNING * * *
Wield which item (- for none, * to show all)? (? for menu, Esc to quit)
c - a +0 short sword (weapon)
You hit the jackal but do no damage. Your grab misses the jackal.
The jackal bites you.
* * * LOW HITPOINT WARNING * * *
The jackal barely misses you.
You barely miss the jackal. You grab the jackal.
You constrict the jackal, but do no damage.
The jackal misses you.
You hit the jackal.
You kill the jackal!
The jackal closely misses you.
You barely miss the jackal. Your grab misses the jackal.
Your squeeze misses the jackal. The jackal closely misses you.
You hit the jackal. Your grab misses the jackal. The jackal bites you.
* * * LOW HITPOINT WARNING * * *
The jackal misses you.
You hit the jackal. Your grab misses the jackal. You squeeze the jackal.
You kill the jackal!
The jackal misses you.
You hit the jackal. Your grab misses the jackal. The jackal closely misses you.
You closely miss the jackal. Your grab misses the jackal. The jackal bites you.
* * * LOW HITPOINT WARNING * * *
The jackal closely misses you.
You barely miss the jackal. You grab the jackal. You constrict the jackal.
You kill the jackal!
You see here a +0 short sword.
The kobold barely misses you.
Aim: a kobold, wielding a +0 dagger The magic dart hits the kobold.
The kobold barely misses you.
Aim: a kobold, wielding a +0 dagger (moderately wounded)
The magic dart hits the kobold.
You kill the kobold!
The rat bites you.
You die...

#...(.# #.#M#.#O#.#
##....###.###.###r#
##......#.#o#.#.#.#
............###'###รท#
..#########.K.#.#...#
. #.#)..).###
#.###.#####
#.#..r)...#
..#...@...#
###.......# #.......#
####..### ##.# .. #.#
..


You could see a rat.

Vanquished Creatures
  3 hobgoblins (D:1)
  3 jackals (D:1)
  5 kobolds (D:1)
  A bat (D:1)
12 creatures vanquished.

Notes
Turn   | Place    | Note
-------+----------+-------------------------------------------
     0 | D:1      | Norn the Octopode Wizard began the quest for the Orb.
     0 | D:1      | Reached XP level 1. HP: 11/11 MP: 4/4
     2 | D:1      | Noticed a draconian
     2 | D:1      | Noticed a vampire
     4 | D:1      | Noticed a minotaur
     4 | D:1      | Noticed a spriggan
     6 | D:1      | Noticed a gargoyle
     6 | D:1      | Noticed a ghoul
     8 | D:1      | Noticed a felid
     8 | D:1      | Noticed a naga
    10 | D:1      | Noticed a halfling
    10 | D:1      | Noticed a merfolk
    13 | D:1      | Noticed a human
    13 | D:1      | Noticed a demigod
    15 | D:1      | Noticed a vine stalker
    15 | D:1      | Noticed an elf
    17 | D:1      | Noticed a demonspawn
    17 | D:1      | Noticed a centaur
    19 | D:1      | Noticed a troll
    19 | D:1      | Noticed a dwarf
    21 | D:1      | Noticed an octopode
    21 | D:1      | Noticed a tengu
    23 | D:1      | Noticed a formicid
    25 | D:1      | Noticed an ogre
   215 | D:1      | Reached XP level 2. HP: 18/18 MP: 0/6
   361 | D:1      | Slain by a rat

Action                   || total
-------------------------++-------
Melee: Unarmed           ||    17
       Tentacles         ||     4
       Constrict         ||     6
       Short sword       ||     9
 Cast: Magic Dart        ||    26
Armor: Skin              ||     3
Dodge: Dodged            ||    32
